 Dungeon Crawl Stone Soup version 0.29.0-11-gd7f09526c8 (webtiles) character file.

Game seed: 11689248832150458918

91 SensoryNuts the Shield-Bearer (level 4, -3/35 HPs)
             Began as a Vampire Fighter on Sept 6, 2022.
             Slain by a gnoll
             ... wielding a +0 flail
              (7 damage)
             ... on level 3 of the Dungeon.
             The game lasted 00:02:50 (2252 turns).

SensoryNuts the Shield-Bearer (Vampire Fighter)     Turns: 2252, Time: 00:02:50

Health: -3/35      AC:  7    Str: 15    XL:     4   Next: 33%
Magic:  4/4        EV:  9    Int: 10    God:
Gold:   135        SH:  6    Dex: 15    Spells: 3/3 levels left

rFire   . . .      SeeInvis +   a - +0 rapier
rCold   . . .      Faith    .   c - +1 buckler
rNeg    . . .      Spirit   .   b - +0 scale mail
rPois   .          Reflect  .   (no helmet)
rElec   .          Harm     .   (no cloak)
rCorr   .          Rampage  .   n - +0 pair of gloves
Will    .....                   (no boots)
Stlth   +.........              (no amulet)
HPRegen 0.31/turn               (no ring)
MPRegen 0.09/turn               (no ring)

@: mighty, healing quickly
A: alive, fangs 3, see invisible, vampiric 2
a: Exsanguinate


You were on level 3 of the Dungeon.
You visited 1 branch of the dungeon, and saw 3 of its levels.

You collected 135 gold pieces.

Inventory:

Hand Weapons
 a - a +0 rapier (weapon)
Armour
 b - a +0 scale mail (worn)
 c - a +1 buckler (worn)
 n - a +0 pair of gloves (worn)
Jewellery
 s - a ring of positive energy
 u - an amulet of the acrobat
Scrolls
 f - 2 scrolls of immolation
 h - a scroll of enchant armour
 j - 2 scrolls of blinking
 k - a scroll of brand weapon {unknown}
 p - 2 scrolls of teleportation
 q - a scroll of amnesia {unknown}
 t - a scroll of fear
Potions
 d - 3 potions of might
 e - a potion of lignification
 g - a potion of haste {unknown}
 i - a potion of invisibility {unknown}
 l - a potion of berserk rage {unknown}
 m - a potion of ambrosia {unknown}
 o - a potion of mutation {unknown}
 r - a potion of heal wounds {unknown}


   Skills:
 + Level 3.1 Fighting
 + Level 3.0(3.1) Short Blades
 * Level 1.0(2.0) Long Blades
 + Level 2.6 Armour
 + Level 0.5 Dodging
 * Level 2.4 Stealth
 + Level 3.2 Shields


You had 3 spell levels left.
You didn't know any spells.
Your spell library contained the following spells:

 Spells                   Type           Power      Damage    Failure   Level
 Magic Dart               Conj           0%         1d3       89%         1
 Call Imp                 Summ           0%         N/A       96%         2
 Mephitic Cloud           Conj/Pois/Air  0%         N/A       99%         3


Dungeon Overview and Level Annotations

Branches:
Dungeon (3/15)

Altars:
Cheibriados
Dithmenos
Uskayaw

Shops:
D:3 :


Innate Abilities, Weirdness & Mutations

Your natural rate of healing is accelerated.
You have razor-sharp teeth.
You have supernaturally acute eyesight. (SInv)
You are afflicted with vampirism and can become a bat while bloodless.


Message History

The ball python closely misses you. The ball python grabs you.
The ball python constricts you.
You barely miss the ball python.
The ball python bites you but does no damage.
The ball python constricts you.
The goblin shoots a sling bullet.
The sling bullet hits you but does no damage.
You hit the ball python.
You kill the ball python!
The goblin shoots a sling bullet.
The sling bullet hits you. You block the gnoll's attack.
The goblin unwields a +0 sling.
The goblin wields a +0 club.
The goblin hits you with a +0 club.
You barely miss the gnoll. You bite the gnoll, but do no damage.
The gnoll hits you but does no damage. The gnoll barely misses you.
The goblin hits you but does no damage.
You hit the gnoll.
The gnoll is moderately wounded.
The gnoll hits you but does no damage.
The gnoll hits you from afar with a +0 halberd.
The gnoll hits you with a +0 flail! The goblin barely misses you.
You barely miss the gnoll.
The gnoll is moderately wounded.
The gnoll barely misses you. The gnoll closely misses you.
The gnoll barely misses you. You block the goblin's attack.
You hit the gnoll.
The gnoll is severely wounded.
The gnoll closely misses you. The gnoll barely misses you.
You block the gnoll's attack. The goblin hits you but does no damage.
You hit the gnoll but do no damage.
The gnoll is severely wounded.
The gnoll closely misses you.
The gnoll hits you from afar with a +0 halberd!
The gnoll hits you with a +0 flail.
* * * LOW HITPOINT WARNING * * *
The goblin barely misses you.
You feel very mighty all of a sudden. The gnoll barely misses you.
The gnoll hits you from afar with a +0 halberd.
* * * LOW HITPOINT WARNING * * *
The gnoll hits you with a +0 flail!
You die...

######## #.......
######+## #.......
##.......########.......
.........+......'.......
.........########.......
.....g.@..........######
......ggg#############..
.........+ ..........
##.......# ##.)....
#........ #......
#........# #......
#........# #......
#.........#######......
#..............


You could see 3 gnolls and a goblin.

Vanquished Creatures
  An iguana (D:3)
  An adder (D:3)
  6 endoplasms
  3 giant cockroaches
  2 goblins (D:1)
  6 hobgoblins
  7 jackals
  3 kobolds
  2 quokkas
  7 ball pythons
  3 bats
  A frilled lizard (D:2)
  7 rats
49 creatures vanquished.

Notes
Turn   | Place    | Note
-------+----------+-------------------------------------------
     0 | D:1      | SensoryNuts the Vampire Fighter began the quest for the
                  | Orb.
     0 | D:1      | Reached XP level 1. HP: 17/17 MP: 1/1
   205 | D:1      | Reached XP level 2. HP: 22/23 MP: 2/2
   638 | D:1      | Reached skill level 1 in Stealth
   852 | D:2      | Gained mutation: You are afflicted with vampirism and can
                  | become a bat while bloodless. [Vampire growth]
   852 | D:2      | Reached XP level 3. HP: 13/28 MP: 3/3
  1228 | D:2      | Found a faded altar of an unknown god.
  1652 | D:3      | Identified the +2 ring mail "Wudaoji" {rElec rF+ rN++
                  | Str-4}
  1866 | D:3      | Reached XP level 4. HP: 20/35 MP: 4/4
  1955 | D:3      | Reached skill level 1 in Long Blades
  1990 | D:3      | Found a hide-covered altar of Uskayaw.
  1998 | D:3      | Found a shadowy altar of Dithmenos.
  1999 | D:3      | Found a snail-covered altar of Cheibriados.
  2098 | D:3      | Found Voirghy's Book Boutique.
  2252 | D:3      | Slain by a gnoll

Illustrated notes

Levels and vault maps discovered:
D:1:      dpeg_arrival_refuge, layout_loops_ring
D:2:      layout_loops_ring, shapermc_ecumenical_altar_ellora,
          roderic_roman_lattice, grunt_ministairs_3
D:3:      layout_basic, chequers_temple_overflow_statue_of_worship,
          serial_shops, shop

Skill      XL: |  1  2  3  4 |
---------------+-------------+-----
Stealth        | 1 2 |  2.4
Shields        | 3 |  3.2
Fighting       | 3 |  3.1
Short Blades   | 3 |  3.0
Long Blades    | 1 |  1.0
Armour         | |  2.6
Dodging        | |  0.5

Action                   |  1- 3 |  4- 6 || total
-------------------------+-------+-------++-------
Melee: Rapier            |   154 |    23 ||   177
       Bite              |    19 |     4 ||    23
  Use: Scroll            |     7 |       ||     7
       Potion            |       |     1 ||     1
Armor: Scale mail        |    66 |     7 ||    73
Dodge: Dodged            |    54 |    17 ||    71
Block: Buckler           |    39 |     7 ||    46
